 Dungeon Crawl Stone Soup version 0.31.0-32-g396128a36d (webtiles) character file.

Game seed: 10385713303407817882

1715 mparten the Cleaver (level 8, -5/70 (75) HPs)
             Began as a Minotaur Gladiator on Mar 31, 2024.
             Was an Initiate of Gozag.
             Slain by a wight
             ... wielding a +4 spear
              (10 damage)
             ... on level 7 of the Dungeon.
             The game lasted 00:08:37 (5762 turns).

mparten the Cleaver (Minotaur Gladiator)            Turns: 5762, Time: 00:08:38

HP:   -5/70 (75)    AC: 14    Str: 22    XL:     8   Next: 74%
MP:   7/7           EV:  7    Int:  5    God:    Gozag
Gold: 260           SH:  0    Dex: 11    Spells: 7/7 levels left

rFire   . . .        a - +0 war axe
rCold   . . .        (no shield)
rNeg    . . .        v - +0 plate armour
rPois   .            c - +0 hat
rElec   .            o - +1 cloak
rCorr   .            (no gloves)
SInv    .            (no boots)
Will    .....        (no amulet) Stlth
                     (no ring)
HPRegen 0.31/turn    (no ring)
MPRegen 0.10/turn

%: no passive effects
@: gold aura, drained
A: horns 2, retaliatory headbutt
a: Renounce Religion, Potion Petition, Call Merchant, Bribe Branch


You were on level 7 of the Dungeon.
You worshipped Gozag.
Gozag was aware of your devotion.
You visited 2 branches of the dungeon, and saw 8 of its levels.

You collected 369 gold pieces.
You paid 109 gold pieces to Gozag.

Inventory:

Hand Weapons
 a - a +0 war axe (weapon)
 w - the +8 sling of Slow Death {freeze, Fly MP+9}
   (You found it on level 5 of the Dungeon)

   MP+9:      It affects your magic capacity (+9).
   Fly:       It grants you flight.
Missiles
 d - 3 throwing nets (quivered)
 e - a javelin
Armour
 b - a +0 leather armour
 c - a +0 hat (worn)
 n - a +0 ring mail
 o - a +1 cloak (worn)
 v - a +0 plate armour (worn)
Jewellery
 g - an amulet of reflection
Wands
 C - a wand of paralysis (6)
 D - a wand of polymorph (3)
Scrolls
 f - a scroll of revelation {unknown}
 h - 4 scrolls of teleportation {unknown}
 i - 2 scrolls of enchant armour {unknown}
 j - 2 scrolls of identify {unknown}
 m - 4 scrolls of poison {unknown}
 p - a scroll of blinking {unknown}
 q - a scroll of brand weapon {unknown}
 t - 2 scrolls of enchant weapon {unknown}
 x - a scroll of torment {unknown}
 y - a scroll of noise {unknown}
 B - a scroll of vulnerability {unknown}
Potions
 k - 5 potions of curing {unknown}
 l - 2 potions of lignification {unknown}
 r - a potion of invisibility {unknown}
 s - a potion of cancellation {unknown}
 u - 2 potions of ambrosia {unknown}
 z - a potion of resistance {unknown}
 A - a potion of degeneration {unknown}
 E - a potion of attraction {unknown}


   Skills:
 + Level 8.4 Fighting
 * Level 9.7 Axes
 - Level 2.0 Throwing
 * Level 5.6 Armour
 - Level 3.2 Dodging


You had 7 spell levels left.
You didn't know any spells.
Your spell library contained the following spells:

 Spells                   Type           Power      Damage    Failure   Level
 Sting                    Conj/Alch      0%         1d3       100%        1
 Mercury Vapours          Alch/Air       0%         N/A       100%        2
 Sublimation of Blood     Necr           0%         N/A       100%        2
 Call Canine Familiar     Summ           0%         N/A       100%        3
 Sigil of Binding         Hex            0%         N/A       100%        3
 Dimensional Bullseye     Hex/Tloc       0%         N/A       100%        4
 Olgreb's Toxic Radiance  Alch           0%         N/A       100%        4
 Petrify                  Alch/Erth      0%         N/A       100%        4
 Irradiate                Conj/Alch      0%         3d11      100%        5


Dungeon Overview and Level Annotations

Branches:
Dungeon (7/15)             Temple (1/1) D:7

Altars:
Ashenzari
Cheibriados
Dithmenos
Elyvilon
Fedhas
Gozag
Hepliaklqana
Kikubaaqudgha
Qazlal
Ru
Sif Muna
Uskayaw
Vehumet
Wu Jian
Yredelemnul


Innate Abilities, Weirdness & Mutations

You have a pair of horns on your head.
You reflexively headbutt those who attack you in melee.


Message History

* * * LOW HITPOINT WARNING * * *
The wight hits you but does no damage. x2
The scorpion stings you but does no damage.
You take 2 damage, and have 16/67 hp.
You slash the scorpion!
You kill the scorpion!
You slash the wight!
You destroy the wight!
The wight hits you from afar with a +4 spear!
* * * LOW HITPOINT WARNING * * *
You feel drained.
* * * LOW HITPOINT WARNING * * *
The wight barely misses you.
You take 11 damage, and have 5/71 hp.
The wight is distracted by your dazzling golden aura.
The wight hits you but does no damage.
You see here 6 gold pieces.
You hit the wight.
The wight is moderately damaged.
You hit the wight.
The wight is no longer distracted by gold.
The wight hits you but does no damage. x2
You hit the wight but do no damage.
The wight is moderately damaged.
You hit the wight but do no damage.
The wight is distracted by your dazzling golden aura.
The wight hits you with a +0 trident.
* * * LOW HITPOINT WARNING * * *
You feel drained.
You take 2 damage, and have 4/70 hp.
You slash the wight!
The wight is no longer distracted by gold.
The wight is almost destroyed.
You hit the wight but do no damage. The wight barely misses you. x2
You furiously retaliate!
You headbutt the wight. You closely miss the wight.
The wight is almost destroyed.
You closely miss the wight. The wight hits you with a +4 spear!
You die...
Your body crumbles into a pile of gold.

.............#
.............##♣P
.................
.............##♣P
.............######
..................#
...............#..#
.............$#..##...
###.........$@.......
...........#zz......
##..........#....^...
#...................
#...................
....................
...................
..#########


You could see 2 wights.

Vanquished Creatures
  Eustachio (D:6)
  3 water moccasins
  A black bear (D:6)
  An ogre (D:7)
  A centaur (D:7)
  2 bullfrogs (D:6)
  2 scorpions
  3 wights (D:7)
  A bombardier beetle (D:5)
  5 hounds
  An orc priest (D:6)
  2 iguanas
  2 sleepcaps
  Natasha (thrice) (D:2)
  9 adders
  2 adder skeletons (D:4)
  5 dart slugs
  2 ribbon worms
  7 orcs
  9 endoplasms
  7 giant cockroaches
  10 goblins
  6 hobgoblins
  6 jackals (D:3)
  2 quokkas
  5 ball pythons
  7 bats
  2 frilled lizards (D:2)
  6 kobolds
  A quokka zombie (D:4)
  7 rats
121 creatures vanquished.

Notes
Turn   | Place    | Note
-------+----------+-------------------------------------------
     0 | D:1      | mparten the Minotaur Gladiator began the quest for the Orb.
     0 | D:1      | Reached XP level 1. HP: 18/18 MP: 0/0
    63 | D:1      | Reached skill level 4 in Axes
    63 | D:1      | Reached XP level 2. HP: 17/25 MP: 1/1
   402 | D:1      | Reached XP level 3. HP: 31/31 MP: 2/2
   936 | D:2      | Noticed Natasha
   944 | D:2      | Killed Natasha
   945 | D:2      | Reached skill level 5 in Axes
   945 | D:2      | Reached XP level 4. HP: 24/40 MP: 3/3
  1219 | D:2      | Noticed Natasha
  1226 | D:2      | Killed Natasha
  1443 | D:2      | Noticed Natasha
  1450 | D:2      | Killed Natasha
  1451 | D:2      | Reached XP level 5. HP: 27/47 MP: 4/4
  2198 | D:3      | Reached skill level 5 in Fighting
  2702 | D:3      | Reached skill level 6 in Axes
  2742 | D:3      | Found a broken altar of Ashenzari.
  3183 | D:4      | Reached XP level 6. HP: 56/56 MP: 5/5
  3258 | D:4      | Found a hide-covered altar of Uskayaw.
  3536 | D:5      | Entered Level 5 of the Dungeon
  3611 | D:5      | Identified the +0 robe of the Dozen Hells {+Blink}
  3947 | D:5      | Noticed a water moccasin
  3949 | D:5      | Noticed a water moccasin
  3954 | D:5      | Reached skill level 7 in Axes
  3956 | D:5      | Killed a water moccasin
  3957 | D:5      | Reached XP level 7. HP: 34/64 MP: 6/6
  4294 | D:5      | Identified the +8 sling of Slow Death {freeze, Fly MP+9}
  4771 | D:6      | Found a blossoming altar of Fedhas.
  4774 | D:6      | Noticed Eustachio
  4788 | D:6      | Killed Eustachio
  4789 | D:6      | Reached skill level 8 in Axes
  4789 | D:6      | Reached skill level 1 in Armour
  4928 | D:6      | Found a hazy altar of Hepliaklqana.
  4969 | D:6      | Reached XP level 8. HP: 39/74 MP: 7/7
  5314 | D:6      | Found an ornate altar of the Wu Jian Council.
  5333 | D:6      | Reached skill level 9 in Axes
  5484 | D:7      | Found a staircase to the Ecumenical Temple.
  5504 | Temple   | Entered the Ecumenical Temple
  5545 | Temple   | Became a worshipper of Gozag Ym Sagoz the Greedy
  5730 | D:7      | Reached skill level 5 in Armour
  5762 | D:7      | Slain by a wight

Illustrated notes

Levels and vault maps discovered:
D:1:      minmay_arrival_semitransparent, layout_basic
D:2:      layout_loops_corners, serial_bayou, serial_bayou_crossing,
          serial_bayou_lagoon_a, serial_bayou_shore_b, serial_bayou_pond_d,
          glass_columns_c, uniq_natasha, uniq_crazy_yiuf_cottage
D:3:      layout_basic, nicolae_ashenzari_skybound
D:4:      layout_basic, nicolae_overflow_crystal_walls, serial_undead,
          serial_undead_e, serial_undead_b, serial_undead_e, serial_undead_e,
          nicolae_zig_zag_zippers
D:5:      layout_layer_cave
D:6:      layout_rooms, mainiacjoe_overflow_paths, lemuel_crystal_altar,
          overflow_temple_1_default, uniq_eustachio
D:7:      layout_cave_pools, lemuel_tele_altar, minmay_temple_entry_metal_lava,
          dreamdust_princess_corridor, minmay_holes
Temple:   cyrus_temple_forest

Skill      XL: |  1  2  3  4  5  6  7  8 |
---------------+-------------------------+-----
Axes           | 4 5 6 7 8 9 |  9.7
Fighting       | 3 4 5 6 7 8 |  8.4
Armour         | 3 5 |  5.6
Throwing       | |  2.0
Dodging        | |  3.2

Action                     |  1- 3 |  4- 6 |  7- 9 || total
---------------------------+-------+-------+-------++-------
  Melee: War axe           |    68 |   121 |    77 ||   266
         Headbutt          |    10 |    17 |     7 ||    34
         Punch             |       |       |     3 ||     3
 Armour: Leather armour    |    52 |    21 |       ||    73
         Ring mail         |       |    59 |     8 ||    67
         Plate armour      |       |       |    80 ||    80
  Dodge: Dodged            |    53 |    83 |    44 ||   180
